cohdb
Replays
Latest Replays
All Replays
Popular Replays
Top Player Replays
Match Explorer
How It Works
Community
CoH3 Stats
Reddit
Sign in to upload your games and track your stats! →
Sign in with Steam
Match 41879346
Unlisted
Match 41879346
Overview
Messages
Build Orders
End
Construct Barracks
Riflemen Squad
Riflemen Squad
M1 Mortar Team
Construct Weapon Support Center
M1919 Machine Gun Team
Selects Heavy Weapons
Selects Assault Carriers
Infantry Support Center
M3 Assault Carrier
Selects M2HB .50cal Heavy Machine Gun
Grenade Package
Bazooka Squad
M3 Assault Carrier
Engineer Squad
Selects Exchangeable Parts
Selects Halftrack Strongpoints
Riflemen Squad
Riflemen Squad
Construct Medical Station
Construct Tank Depot
Selects M26 Pershing Heavy Tank
MrBadMass
Tanith's Finest
xThomasx25
General Bayern
0
0
Comments
sign in to comment!
No comments posted yet!